 Dungeon Sprint DCSS version 0.27.1 (webtiles) character file.

Game seed: 240549011936003377

5912 styxcanada the Imperceptible (level 10, -2/55 HPs)
             Began as a Spriggan Brigand on Aug 30, 2021.
             Was an Initiate of Gozag.
             Succumbed to Agnes's poison
             ... in the Dungeon (Sprint IV: "Fedhas' Mad Dash").
             The game lasted 00:12:35 (1478 turns).

styxcanada the Imperceptible (Spriggan Brigand)     Turns: 1478, Time: 00:12:36

Health: -2/55      AC:  7    Str: 11    XL:     10   Next: 53%
Magic:  9/11       EV: 26    Int: 12    God:    Gozag
Gold:   1558       SH:  8    Dex: 21    Spells: 6/9 levels left

rFire    + . .     SeeInvis +   c - +1 dagger (protect)
rCold    + . .     Faith    .   e - +0 buckler
rNeg     . . .     Spirit   .   w - +2 robe {rC+}
rPois    .         Reflect  .   (helmet restricted)
rElec    .         Harm     .   q - +2 cloak {Will+}
rCorr    .         Rampage  .   (gloves unavailable)
Will     ++...     NoTele   +   (boots unavailable) Stlth ****++++++
                                l - amulet of invisibility {+Inv}
HPRegen  0.18/turn              t - ring of Shadows {Umbra +Inv Stlth+}
MPRegen  0.12/turn              b - ring of Viseg {Fly rF+ Str+4}

@: lethally poisoned (-2 -> -63), flying, very slightly contaminated, wreathed
by umbra, invisible, very quick
A: very small, no large weapons, unfitting armour, see invisible, speed 3
a: Renounce Religion, Evoke Invisibility, Potion Petition, Call Merchant, Bribe
Branch


You were in the Dungeon.
You worshipped Gozag.
Gozag was most pleased with you.
You visited 1 branch You collected 2381 gold pieces.
You spent 823 gold pieces at shops.

Inventory:

Hand Weapons
 a - a +2 dagger
 c - a +1 dagger of protection (weapon)
 x - a +0 falchion of holy wrath
Missiles
 d - 14 poisoned darts (quivered)
 j - a curare-tipped dart
 u - 42 stones
Armour
 e - a +0 buckler (worn)
 q - a +2 cloak of willpower (worn)
 w - a +2 robe of cold resistance (worn)
Jewellery
 b - the ring of Viseg (right hand) {Fly rF+ Str+4}
   (You acquired it in the Dungeon)

   [ring of flight]

   Str:       It affects your strength (+4).
   rF:        It protects you from fire.
   Fly:       It grants you flight.
 l - the amulet of invisibility (around neck) {+Inv}
   (You found it in the Dungeon)

   [amulet of nothing]

   +Inv:      It lets you turn invisible.
 t - the ring of Shadows (left hand) {Umbra +Inv Stlth+}
   (You found it in the Dungeon)

   [ring of stealth]

   It surrounds you with an aura of shadow, increasing your stealth and reducing
   the accuracy of all within it (including the wearer).
   +Inv:      It lets you turn invisible.
   Stlth:     It makes you more stealthy.
Wands
 r - a wand of mindburst (20)
 s - a wand of digging (6)
 v - a wand of iceblast (7)
Scrolls
 k - a scroll of blinking
Potions
 f - a potion of curing
 g - 2 potions of heal wounds
 h - a potion of haste
 i - 2 potions of magic
 m - a potion of ambrosia
 o - a potion of lignification {unknown}
 p - 2 potions of cancellation


   Skills:
 * Level 7.0 Fighting
 + Level 5.1 Short Blades
 + Level 7.1 Throwing
 * Level 11.0 Dodging
 * Level 23.5 Stealth
 * Level 5.3 Shields
 * Level 13.1 Evocations


You had 6 spell levels left.
You knew the following spells:

 Your Spells              Type           Power      Damage    Failure   Level
a - Stone Arrow           Conj/Erth      0%         3d7       73%         3

Your spell library contained the following spells:

 Spells                   Type           Power      Damage    Failure   Level
 Bolt of Magma            Conj/Fire/Erth 0%         4d4       100%        5
 Shatter                  Erth           0%         3d5*      100%        9


Dungeon Overview and Level Annotations

Branches:
Dungeon (1/1)

Altars:
Cheibriados
Dithmenos
Elyvilon
Gozag
Hepliaklqana
Kikubaaqudgha
Makhleb
Nemelex Xobeh
Okawaru
Qazlal
Ru
Sif Muna
Trog
Uskayaw
Vehumet
Wu Jian
Xom
Yredelemnul
Zin
The Shining One
Beogh
Jiyva
Lugonu

Shops:
D *(?**:([

Annotations:
D Agnes


Innate Abilities, Weirdness & Mutations

You are very small and have problems with some larger weapons.
You are too small for most types of armour.
You have supernaturally acute eyesight. (SInv)
You cover ground extremely quickly. (Speed+++)


Message History

Your +1 dagger of protection hums with potential!
c - a +1 dagger of protection (weapon)
This is a scroll of acquirement!
Something appears at your feet!
b - the ring of Viseg {Fly rF+ Str+4} You fly up into the air.
You feel stronger.
b - the ring of Viseg (right hand) {Fly rF+ Str+4} You start resting.
HP restored.
Okay, then.
This spell is quite dangerous to cast!
Memorise Stone Arrow, consuming 3 spell levels and leaving 6?
You start memorising the spell.
You continue memorising. x3
You finish memorising.
Spell assigned to 'a'.
There is an open door here.
There is an open door here.
Things that are here:
a +0 dagger; a +0 robe
There is an open door here.
You fade into invisibility!
You are very lightly contaminated with residual magic.
You reach down and open the door.
Agnes the Wanderer comes into view.
She is wielding a +2 lajatang of venom and wearing a +2 robe of fire resistance.
Unknown command.
There is an open door here.
A spriggan berserker comes into view. It is wielding a +0 antimagic rapier.
Found Qinkomut's Magic Scroll Emporium.
Found Ponucvue's Assorted Antiques.
Agnes shouts!
You miss Agnes.
Agnes hits you with a +2 lajatang of venom!!
You are lethally poisoned!
Agnes hits you with a +2 lajatang of venom!
* * * LOW HITPOINT WARNING * * *
You are more poisoned.
* * * LOW HITPOINT WARNING * * *
You feel extremely sick.
You die...
Your body crumbles into a pile of gold.

')._._._._._..'..#...#....'..##'#
#..._._._._...#..###'##...##∩#..#
#.._._._._._..#.[##∩∩.'...#####..
#._._._._._.⌠.#################..
###################....).###.....
#♣♣♣♣♣..♣)###.'.)'.).....'.'...♣[
......♣..♣##..#..#.......########
♣..♣♣♣.♣).###.##'##.P....#
.♣♣..♣...♣)...#♣@♣########
###############.....#
#..♣i.♣....# #.i.♣......♣..
......♣.....∩.∩ ###############


You could see Agnes and a spriggan berserker (asleep).

Vanquished Creatures
  A spriggan druid (D)
  6 oklob plants (D)
  A demonic crawler (D)
  A queen bee (D)
  3 wandering mushrooms (D)
  3 burning bushes (D)
  A hornet (D)
  3 scorpions (D)
  4 killer bees (D)
  5 oklob saplings (D)
  5 spriggans (D)
  A river rat (D)
  A rat (D)
  A ballistomycete spore (D)
36 creatures vanquished.

Vanquished Creatures (others)
  2 fungi (D)
2 creatures vanquished.

Grand Total: 38 creatures vanquished

Notes
Turn   | Place    | Note
-------+----------+-------------------------------------------
     0 | D        | styxcanada the Spriggan Brigand began the quest for the
                  | Orb.
     0 | D        | Reached XP level 1. HP: 10/10 MP: 2/2
    16 | D        | Reached skill level 7 in Stealth
    16 | D        | Reached XP level 2. HP: 11/15 MP: 3/3
    27 | D        | Reached skill level 8 in Stealth
   103 | D        | Noticed an oklob sapling
   106 | D        | Killed an oklob sapling
   107 | D        | Reached skill level 10 in Stealth
   107 | D        | Reached XP level 3. HP: 18/18 MP: 4/4
   107 | D        | Noticed a scorpion
   107 | D        | Found the amulet of invisibility {+Inv}
   109 | D        | Killed a scorpion
   110 | D        | Reached skill level 12 in Stealth
   110 | D        | Reached XP level 4. HP: 23/23 MP: 5/5
   232 | D        | Found an opulent altar of Gozag.
   232 | D        | Found a hazy altar of Hepliaklqana.
   232 | D        | Found a burning altar of Makhleb.
   232 | D        | Found a sparkling altar of Nemelex Xobeh.
   232 | D        | Found a snail-covered altar of Cheibriados.
   232 | D        | Found a sacrificial altar of Ru.
   232 | D        | Found a shimmering blue altar of Sif Muna.
   232 | D        | Found a shimmering altar of Xom.
   232 | D        | Found a basalt altar of Yredelemnul.
   233 | D        | Found a viscous altar of Jiyva.
   233 | D        | Found a bloodstained altar of Trog.
   233 | D        | Found an ornate altar of the Wu Jian Council.
   234 | D        | Found an iron altar of Okawaru.
   234 | D        | Found a shadowy altar of Dithmenos.
   234 | D        | Found a glowing silver altar of Zin.
   235 | D        | Found an ancient bone altar of Kikubaaqudgha.
   235 | D        | Found a hide-covered altar of Uskayaw.
   236 | D        | Found a stormy altar of Qazlal.
   236 | D        | Found a white marble altar of Elyvilon.
   236 | D        | Found a glowing golden altar of the Shining One.
   237 | D        | Became a worshipper of Gozag Ym Sagoz the Greedy
   238 | D        | Found a corrupted altar of Lugonu.
   238 | D        | Found a radiant altar of Vehumet.
   242 | D        | Reached skill level 13 in Stealth
   242 | D        | Reached XP level 5. HP: 28/28 MP: 3/6
   254 | D        | Reached skill level 5 in Dodging
   254 | D        | Reached skill level 14 in Stealth
   254 | D        | Reached skill level 1 in Evocations
   307 | D        | Reached skill level 15 in Stealth
   357 | D        | Reached XP level 6. HP: 25/33 MP: 7/7
   510 | D        | Found Lesu's Antique Weapon Shop.
   510 | D        | Found Gocuush's Assorted Antiques.
   516 | D        | Bought a scroll labelled UTAOMY OVVEGOTZ for 23 gold pieces
   516 | D        | Bought a bubbling blue potion for 20 gold pieces
   516 | D        | Bought 2 yellow potions for 41 gold pieces
   516 | D        | Bought a scroll labelled UTAOMY OVVEGOTZ for 23 gold pieces
   516 | D        | Bought an embroidered cloak for 172 gold pieces
   516 | D        | Bought a tapered bronze wand for 92 gold pieces
   584 | D        | Noticed a burning bush
   584 | D        | Noticed a wandering mushroom
   585 | D        | Noticed a wandering mushroom
   588 | D        | Killed a burning bush
   589 | D        | Reached skill level 16 in Stealth
   589 | D        | Reached skill level 1 in Shields
   589 | D        | Killed a wandering mushroom
   590 | D        | Reached skill level 5 in Throwing
   590 | D        | Reached skill level 17 in Stealth
   590 | D        | Reached skill level 5 in Evocations
   590 | D        | Reached XP level 7. HP: 38/38 MP: 5/8
   590 | D        | Killed a wandering mushroom
   591 | D        | Reached skill level 18 in Stealth
   593 | D        | Reached skill level 5 in Fighting
   605 | D        | Found Mefiodgh's Book Emporium.
   605 | D        | Found Wiuplink's General Store.
   605 | D        | Found the ring of Shadows {Umbra +Inv Stlth+}
   621 | D        | Bought a wand of iceblast (10) for 154 gold pieces
   621 | D        | Bought a wand of charming (6) for 88 gold pieces
   671 | D        | Reached XP level 8. HP: 43/43 MP: 6/9
   677 | D        | Noticed a queen bee
   684 | D        | Killed a queen bee
   690 | D        | Reached skill level 19 in Stealth
   745 | D        | Noticed an oklob plant
   748 | D        | Killed an oklob plant
   759 | D        | Noticed a burning bush
   762 | D        | Killed a burning bush
   763 | D        | Reached skill level 20 in Stealth
   763 | D        | Reached XP level 9. HP: 48/48 MP: 8/10
   873 | D        | Noticed a burning bush
   873 | D        | Noticed an oklob plant
   874 | D        | Noticed a wandering mushroom
   875 | D        | Killed a burning bush
   880 | D        | Killed an oklob plant
   881 | D        | Reached skill level 10 in Evocations
   884 | D        | Killed a wandering mushroom
   885 | D        | Reached skill level 21 in Stealth
   954 | D        | Noticed a spriggan druid
   956 | D        | Killed a spriggan druid
   957 | D        | Reached skill level 10 in Dodging
  1041 | D        | Noticed an oklob plant conjurer
  1042 | D        | Killed an oklob plant conjurer
  1100 | D        | Noticed an oklob plant
  1100 | D        | Noticed an oklob plant summoner
  1101 | D        | Noticed an oklob plant shifter
  1105 | D        | Killed an oklob plant
  1106 | D        | Reached skill level 22 in Stealth
  1106 | D        | Reached XP level 10. HP: 53/53 MP: 8/11
  1107 | D        | Killed an oklob plant summoner
  1110 | D        | Killed an oklob plant shifter
  1111 | D        | Reached skill level 5 in Short Blades
  1131 | D        | Reached skill level 5 in Shields
  1184 | D        | Noticed a spriggan rider
  1185 | D        | Found Rianovi's Weapon Emporium.
  1203 | D        | Reached skill level 23 in Stealth
  1216 | D        | Killed a spriggan rider
  1244 | D        | Found Fesaigou's Antique Armour Shoppe.
  1253 | D        | Identified the +6 great mace of the Pharaoh's Fist {speed,
                  | rF- rC- rN++ rCorr}
  1259 | D        | Bought a +1 dagger of protection for 122 gold pieces
  1261 | D        | Bought a glowing robe for 88 gold pieces
  1275 | D        | Identified a scroll of acquirement
  1275 | D        | Acquired the ring of Viseg {Fly rF+ Str+4}
  1457 | D        | Learned a level 3 spell: Stone Arrow
  1471 | D        | Noticed Agnes
  1473 | D        | Found Qinkomut's Magic Scroll Emporium.
  1473 | D        | Noticed a spriggan berserker
  1475 | D        | Found Ponucvue's Assorted Antiques.
  1478 | D        | Succumbed to Agnes's poison

Illustrated notes

Levels and vault maps discovered:
D:        dungeon_sprint_fedhas [sprint_temple]

Skill      XL: |  1  2  3  4  5  6  7  8  9 10 |
---------------+-------------------------------+-----
Dodging        | 2 3 4 5 7 9 10 11 | 11.0
Stealth        | 7 10 12 13 15 17 18 20 22 23 | 23.5
Fighting       | 2 3 4 5 6 7 |  7.0
Throwing       | 3 5 6 7 |  7.1
Short Blades   | 3 4 5 |  5.1
Evocations     | 2 5 6 9 11 13 | 13.1
Shields        | 2 3 4 5 |  5.3

Action                   |  1- 3 |  4- 6 |  7- 9 | 10-12 || total
-------------------------+-------+-------+-------+-------++-------
Melee: Dagger            |     3 |     9 |    18 |     4 ||    34
Throw: Dart              |     9 |    16 |       |     3 ||    28
 Abil: Evoke Invisibilit |       |     4 |     6 |     2 ||    12
Evoke: Wand              |       |       |       |     9 ||     9
  Use: Potion            |       |     1 |       |       ||     1
       Scroll            |       |     2 |       |     1 ||     3
 Stab: Sleeping          |     3 |     4 |    18 |     3 ||    28
Armor: Robe              |       |       |       |     1 ||     1
Dodge: Dodged            |     2 |    13 |       |     8 ||    23
Block: Buckler           |       |       |       |     1 ||     1
